 Dungeon Crawl Stone Soup version 0.29-a0-330-g52719c12eb (webtiles) character file.

Game seed: 6358116539990474073

509 kae the Firebug (level 7, -1/45 HPs)
             Began as an Octopode Fire Elementalist on Apr 18, 2022.
             Slain by a gnoll shaman
             ... wielding a +0 whip
              (9 damage)
             ... on level 4 of the Dungeon.
             The game lasted 00:03:05 (7498 turns).

kae the Firebug (Octopode Fire Elementalist)        Turns: 7498, Time: 00:03:05

Health: -1/45      AC:  1    Str:  8    XL:     7   Next: 19%
Magic:  3/11       EV: 14    Int: 19    God:
Gold:   342        SH:  0    Dex: 12    Spells: 6/12 levels left

rFire   . . .      SeeInvis .   d - +0 hand axe
rCold   . . .      Faith    .   (no shield)
rNeg    + . .      Spirit   .   (helmet restricted)
rPois   .          Reflect  .   (no amulet)
rElec   .          Harm     .   h - ring of willpower
rCorr   .          Rampage  .   m - ring of wizardry
Will    +....                   n - ring of positive energy
Stlth   ++++......              (no ring)
HPRegen 0.15/turn               (no ring)
MPRegen 0.12/turn               (no ring)
                                (no ring)
                                (no ring)

@: no status effects
A: almost no armour, amphibious, 8 rings, camouflage 1, gelatinous body 1,
(nimble swimmer 1), tentacles
a: no special abilities


You were on level 4 of the Dungeon.
You visited 1 branch of the dungeon, and saw 5 of its levels.

You collected 342 gold pieces.

Inventory:

Hand Weapons
 d - a +0 hand axe (weapon)
Jewellery
 h - a ring of willpower (left tentacle)
 m - a ring of wizardry (right tentacle)
 n - a ring of positive energy (on tentacle)
 u - a ring of see invisible
Wands
 i - a wand of digging (5)
 r - a wand of acid (6)
Scrolls
 j - a scroll of teleportation
 l - 2 scrolls of identify
 o - a scroll of amnesia {unknown}
 q - a scroll of holy word {unknown}
 s - 2 scrolls of summoning {unknown}
 t - a scroll of fog {unknown}
Potions
 a - a potion of magic
 b - 4 potions of curing
 c - a potion of haste
 e - a potion of attraction
 f - a potion of degeneration {unknown}
 g - 4 potions of heal wounds {unknown}
 k - a potion of berserk rage {unknown}
 p - a potion of resistance {unknown}


   Skills:
 + Level 2.4 Fighting
 + Level 3.4 Dodging
 + Level 4.7 Stealth
 + Level 3.1 Spellcasting
 + Level 2.7 Conjurations
 * Level 4.8 Fire Magic


You had 6 spell levels left.
You knew the following spells:

 Your Spells              Type           Power      Damage    Failure   Level
a - Foxfire               Conj/Fire      68%        2x1d7     1%          1
b - Scorch                Fire           42%        2d7       1%          2
c - Conjure Flame         Conj/Fire      17%        6-21      4%          3

Your spell library contained the following spells:

 Spells                   Type           Power      Damage    Failure   Level
 Inner Flame              Hex/Fire       12%        N/A       7%          3
 Flame Wave               Conj/Fire      17%        2d6       12%         4
 Summon Guardian Golem    Hex/Summ       2%         N/A       17%         3
 Orb of Destruction       Conj           6%         9d6       100%        7
 Spellforged Servitor     Conj/Summ      4%         N/A       100%        7


Dungeon Overview and Level Annotations

Branches:
Dungeon (5/15)
 Temple: D:4-7

Altars:
Fedhas
Hepliaklqana
Makhleb
Yredelemnul

Annotations:
D:4 3 runed translucent doors, kae's ghost, amateur OpFE


Innate Abilities, Weirdness & Mutations

You cannot wear most types of armour.
You are amphibious.
You can wear up to eight rings at the same time.
Your skin changes colour to match your surroundings (Stealth+).
Your rubbery body absorbs attacks. (AC +1, EV +1)
((You are camouflaged when in or above water. (Stealth+)))
You have tentacles for arms and can constrict up to eight enemies at once.


Message History

An iguana comes into view.
Casting: Foxfire (safe; 1% risk of failure)
Confirm with . or Enter, or press ? or * to list all spells.
You conjure some foxfire!
The gnoll misses you.
The foxfire hits the gnoll.
The gnoll is heavily wounded.
The foxfire hits the gnoll shaman.
The gnoll shaman is lightly wounded.
The gnoll completely misses you. The gnoll closely misses you. x2
You climb upwards.
Level annotation: 3 runed translucent doors, kae's ghost, amateur OpFE
There is a stone staircase leading down here.
Casting: Foxfire (safe; 1% risk of failure)
Confirm with . or Enter, or press ? or * to list all spells.
Flames lash the gnoll shaman.
The gnoll shaman is heavily wounded.
The gnoll shaman's fire resistance burns away.
The gnoll barely misses you.
The gnoll shaman hits you with a +0 whip!
The gnoll hits you with a +0 club.
The gnoll shaman hits you with a +0 whip!
Casting: Scorch (safe; 1% risk of failure)
Confirm with . or Enter, or press ? or * to list all spells.
Flames lash the gnoll shaman but do no damage.
The gnoll barely misses you. The gnoll shaman barely misses you.
The gnoll completely misses you.
The gnoll shaman hits you with a +0 whip!
* * * LOW HITPOINT WARNING * * *
Casting: Scorch (safe; 1% risk of failure)
Confirm with . or Enter, or press ? or * to list all spells.
Flames lash the gnoll.
The gnoll is heavily wounded.
The gnoll's fire resistance burns away.
The gnoll hits you with a +0 club.
* * * LOW HITPOINT WARNING * * *
The gnoll shaman closely misses you.
The gnoll shaman is no longer more vulnerable to fire.
The gnoll misses you.
The gnoll shaman hits you with a +0 whip!
You die...

#.# ####..########.# #.##.
#.# #..............# #.##.
#.####.###.########## #....
#......# #.....# #######..##
######## #####[####........#
#.......####...##
#..########......
########....## #.......
#......@g....# ##.....#
#.######g##[.# ##...## #.#
#...#..# ##.### ##########.#
#...#..# #.# # ...........##
#...#..# #.# #
#.#######...######.#..#####
#.# # #.#
#..........##.#......###.###
#)#
#.##...##...)...............
#.#
##.###.###..##.######.#######


You could see a gnoll shaman and a gnoll (combustible).

Vanquished Creatures
  An ogre (D:4)
  A necrophage (D:5)
  A scorpion (D:5)
  A hound (D:4)
  An iguana (D:4)
  An orc wizard (D:5)
  A hound zombie (D:4)
  A howler monkey zombie (D:4)
  3 gnolls
  6 adders
  A worm (D:2)
  3 dart slugs
  7 orcs
  4 ball pythons
  8 bats
  5 endoplasms
  3 giant cockroaches
  10 goblins
  6 hobgoblins
  7 jackals
  3 quokkas
  5 frilled lizards
  9 kobolds
  25 rats
113 creatures vanquished.

Vanquished Creatures (collateral kills)
  A foxfire (D:2)
1 creature vanquished.

Vanquished Creatures (others)
  275 foxfires
275 creatures vanquished.

Grand Total: 389 creatures vanquished

Notes
Turn   | Place    | Note
-------+----------+-------------------------------------------
     0 | D:1      | kae the Octopode Fire Elementalist began the quest for the
                  | Orb.
     0 | D:1      | Reached XP level 1. HP: 11/11 MP: 3/3
   286 | D:1      | Reached XP level 2. HP: 7/17 MP: 3/5
   738 | D:1      | Learned a level 2 spell: Scorch
  1302 | D:1      | Reached XP level 3. HP: 22/22 MP: 3/6
  1306 | D:1      | Learned a level 3 spell: Conjure Flame
  1429 | D:1      | Reached skill level 1 in Fighting
  3052 | D:2      | Reached XP level 4. HP: 28/28 MP: 5/7
  4465 | D:3      | Found a burning altar of Makhleb.
  5223 | D:4      | Noticed an ogre
  5226 | D:4      | Reached XP level 5. HP: 33/33 MP: 3/8
  5324 | D:4      | Found a blossoming altar of Fedhas.
  5452 | D:4      | Identified the +1 robe of Caguc {Dex+3}
  5716 | D:4      | Killed an ogre
  5717 | D:4      | Reached XP level 6. HP: 27/39 MP: 0/10
  5814 | D:4      | Found a hazy altar of Hepliaklqana.
  6803 | D:4      | Found a runed translucent gate.
  6804 | D:4      | Found a runed translucent gate.
  6804 | D:4      | Noticed kae's ghost (amateur OpFE)
  6815 | D:4      | Found a runed translucent gate.
  6821 | D:4      | Found a basalt altar of Yredelemnul.
  6963 | D:5      | Entered Level 5 of the Dungeon
  6980 | D:5      | Reached XP level 7. HP: 21/45 MP: 3/11
  7498 | D:4      | Slain by a gnoll shaman

Illustrated notes

Levels and vault maps discovered:
D:1:      shiori_arrival_oz, layout_loops_corners
D:2:      layout_basic, grunt_decor_fettered, cheibrodos_gnoll_hut
D:3:      layout_basic, general_overflow_altar
D:4:      layout_loops_ring, amcnicky_altar_gilded,
          nicolae_yredelemnul_ghost_church, mainiacjoe_overflow_small_starburst,
          minmay_rat_hole
D:5:      layout_cave_pools, minmay_temple_entry_stoned_glass,
          chequers_serial_rivers_room_a, chequers_decorated_corner

Skill      XL: |  1  2  3  4  5  6 |
---------------+-------------------+-----
Stealth        | 3 4 |  4.7
Fighting       | 1 2 |  2.4
Conjurations   | 2 |  2.7
Fire Magic     | 4 |  4.8
Dodging        | 3 |  3.4
Spellcasting   | 3 |  3.1

Action                   |  1- 3 |  4- 6 |  7- 9 || total
-------------------------+-------+-------+-------++-------
Melee: Unarmed           |    16 |       |       ||    16
       Tentacles         |     9 |     7 |       ||    16
       Constrict         |     6 |    12 |       ||    18
       Hand axe          |     8 |    50 |       ||    58
       Punch             |       |     1 |       ||     1
 Cast: Foxfire           |    61 |    90 |    27 ||   178
       Scorch            |     2 |    17 |     3 ||    22
       Conjure Flame     |       |     2 |       ||     2
  Use: Scroll            |     1 |     7 |       ||     8
 Stab: Sleeping          |     1 |     2 |       ||     3
Armor: Skin              |     3 |     4 |       ||     7
Dodge: Dodged            |    50 |    49 |    10 ||   109

Table legend: (Time is in decaauts)
 A = Elapsed time spent in this place.
 B = Non-inter-level travel time spent in this place.
 C = Inter-level travel time spent in this place.
 D = Time resting spent in this place.
 E = Time spent auto-exploring this place.
 F = Levels seen in this place.
 G = Mean time per level.
                   A        B        C        D        E       F      G
               +--------+--------+--------+--------+--------+-----+--------+
         Total |   7520 |   7171 |    349 |    608 |   5710 |   5 | 1504.0 |
       Dungeon |   7520 |   7171 |    349 |    608 |   5710 |   5 | 1504.0 |
               +--------+--------+--------+--------+--------+-----+--------+

Top non-repeatable levels by time:
     D:1: 2460 daAuts
     D:4: 1851 daAuts
     D:2: 1431 daAuts
     D:3: 1245 daAuts
     D:5: 530 daAuts
